 Dungeon Crawl Stone Soup version 0.20.1-1-g8b1a95d (webtiles) character file.

190 acidapple the Slasher (level 5, -1/41 HPs)
             Began as a Draconian Warper on Sept 7, 2017.
             Was a Believer of Fedhas.
             Slain by an orc
             ... wielding a +0 falchion
              (4 damage)
             ... on level 3 of the Dungeon.
             The game lasted 00:06:36 (2484 turns).

acidapple the Slasher (Draconian Warper)            Turns: 2484, Time: 00:06:38

Health: -1/41      AC:  6    Str: 13    XL:     5   Next: 41%
Magic:  5/9        EV: 12    Int: 15    God:    Fedhas [**....]
Gold:   100        SH:  0    Dex: 10    Spells: 8/10 levels left

rFire    . . .     SeeInvis .   a - +1 falchion
rCold    . . .     Gourm    .   (no shield)
rNeg     . . .     Faith    .   (armour unavailable)
rPois    .         Spirit   .   (helmet restricted)
rElec    .         Reflect  .   (no cloak)
rCorr    .         Harm     .   (no gloves)
MR       .....                  m - +0 pair of boots
Stlth    +.........             (no amulet)
Regen    0.2/turn               (no ring)
MPRegen  0.2/turn               (no ring)

@: flying
A: unfitting armour, big wings, sense surroundings 1, cold-blooded, AC +5
a: Stop Flying, Fungal Bloom, Evolution, Sunlight, Renounce Religion


You were on level 3 of the Dungeon.
You worshipped Fedhas.
Fedhas was pleased with you.
You were hungry.

You visited 1 branch of the dungeon, and saw 4 of its levels.

You collected 100 gold pieces.

Inventory:

Hand Weapons
 a - a +1 falchion (weapon)
Missiles
 d - 5 tomahawks of dispersal (quivered)
Armour
 m - a +0 pair of boots (worn)
Jewellery
 r - an uncursed ring of fire
Scrolls
 e - a scroll of fear {unknown}
 h - 2 scrolls of identify
 i - a scroll of amnesia {unknown}
 j - a scroll of teleportation {unknown}
 l - a scroll of enchant armour {unknown}
 t - a scroll of recharging {unknown}
Potions
 n - a potion of degeneration {unknown}
 o - a potion of curing
 p - a potion of magic {unknown}
 q - a potion of cancellation {unknown}
 u - a potion of agility {unknown}
Books
 b - a book of Spatial Translocations

   Spells                             Type                      Level
   a - Blink                          Translocation                2
   b - Shroud of Golubria             Charms/Translocation         2
   c - Lesser Beckoning               Translocation                3
   d - Gell's Gravitas                Translocation                3
   e - Teleport Other                 Translocation                3
   f - Passage of Golubria            Translocation                4
Comestibles
 f - 5 bread rations
 g - 4 meat rations
 k - a royal jelly


   Skills:
 - Level 2.1 Fighting
 * Level 4.0 Long Blades
 - Level 0.8 Throwing
 - Level 2.1 Dodging
 + Level 3.2 Spellcasting
 + Level 3.6 Translocations
 + Level 1.5 Invocations


You had 8 spell levels left.
You knew the following spells:

 Your Spells              Type           Power        Failure   Level  Hunger
a - Blink                 Tloc           N/A          7%          2    ##.....


Dungeon Overview and Level Annotations

Branches:
Dungeon (4/15)
 Temple: D:4-7

Altars:
Dithmenos
Fedhas

Annotations:
D:4 acidapple's ghost, amateur TeCj


Innate Abilities, Weirdness & Mutations

Your plain brown scales are hard. (AC +5)
You cannot fit into any form of body armour.
You are cold-blooded and may be slowed by cold attacks.
Your large and strong wings let you fly indefinitely.
You passively map a small area around you.


Message History

You are too injured to fight recklessly!
You are too injured to fight recklessly!
The orc shouts!
There is an open door here.
Select sunlight destination.
Press: ? - help, Dir - move target cursor, f - orc
Aim: an orc, wielding a falchion You feel slightly more hungry.
Select sunlight destination.
Press: ? - help, Dir - move target cursor, f/p - orc
Aim: an orc, wielding a falchion (haloed)
You feel slightly more hungry.
The orc drinks a potion.
The orc goes berserk!
You slash the orc!
The orc is severely wounded.
The orc hits you with a falchion!
* * * LOW HITPOINT WARNING * * *
The orc hits you with a falchion.
You die...
Fedhas appreciates your contribution to the ecosystem.

#######....# #..#'###
...........# ##.#.#########
...........# #...........#
...........# ##..........#
###.(......# #..........# #
#.......###### ##>........# #
#.......#....# #.........#
###.......#....#####.........#
'.'.......'....'@o...........#
###.......#....####..........#
###.......#....# #.##########
..........#....# #.#
..........#....####'#####
..(..##........##.......#
.....##.......###.......#
.....##.......# #.o.....#
#######.......# #.......#


You could see an orc (berserk).

Vanquished Creatures
  A hound (D:4)
  An orc priest (D:3)
  4 adders
  2 oozes
  A worm (D:3)
  A dart slug (D:1)
  A leopard gecko (D:1)
  4 orcs
  5 bats
  4 giant cockroaches
  7 goblins
  9 hobgoblins
  7 jackals
  2 kobolds
  A quokka (D:3)
  5 frilled lizards
  21 rats
76 creatures vanquished.

Vanquished Creatures (others)
  30 toadstools
30 creatures vanquished.

Grand Total: 106 creatures vanquished

Notes
Turn   | Place    | Note
-------+----------+-------------------------------------------
     0 | D:1      | acidapple the Draconian Warper began the quest for the Orb.
     0 | D:1      | Reached XP level 1. HP: 17/17 MP: 3/3
    94 | D:1      | Reached XP level 2. HP: 22/24 MP: 5/5
   223 | D:1      | Reached skill level 3 in Long Blades
   239 | D:1      | Reached XP level 3. HP: 18/29 MP: 6/6
   266 | D:1      | Learned a level 2 spell: Blink
   649 | D:2      | Found a faded altar of an unknown god.
   676 | D:2      | Became a worshipper of Fedhas Madash
   676 | D:2      | Reached * piety under Fedhas
   889 | D:2      | Reached XP level 4. HP: 28/36 MP: 8/8
  1128 | D:2      | Found a shadowy altar of Dithmenos.
  1138 | D:2      | Reached ** piety under Fedhas
  1324 | D:3      | Gained mutation: Your large and strong wings let you fly indefinitely. [potion of mutation]
  1324 | D:3      | Gained mutation: Your body sometimes deteriorates upon taking damage. [potion of mutation]
  1324 | D:3      | Lost mutation: Your body sometimes deteriorates upon taking damage. [potion of mutation]
  1324 | D:3      | Gained mutation: You passively map a small area around you. [potion of mutation]
  1615 | D:3      | Reached skill level 1 in Invocations
  1895 | D:3      | Reached XP level 5. HP: 37/41 MP: 9/9
  2111 | D:4      | Noticed acidapple's ghost (amateur TeCj)
  2181 | D:4      | Reached skill level 4 in Long Blades
  2484 | D:3      | Slain by an orc

Skill      XL: |  1  2  3  4  5 |
---------------+----------------+-----
Long Blades    | 3 4 |  4.0
Spellcasting   | 3 |  3.2
Invocations    | 1 |  1.5
Fighting       | |  2.1
Throwing       | |  0.8
Dodging        | |  2.1
Translocations | |  3.6

Action                   |  1- 3 |  4- 6 || total
-------------------------+-------+-------++-------
Melee: Falchion          |   118 |   116 ||   234
       Tailslap          |    13 |    18 ||    31
 Cast: Blink             |       |     1 ||     1
Invok: Fungal Bloom      |     5 |     8 ||    13
       Sunlight          |       |     2 ||     2
 Abil: Fly               |       |     1 ||     1
  Use: Potion            |     1 |     3 ||     4
       Scroll            |       |     3 ||     3
  Eat: Chunk             |       |     5 ||     5
Armor: Skin              |    34 |    46 ||    80
Dodge: Dodged            |    95 |    98 ||   193
       Rpst.: Falchion   |    26 |    25 ||    51
